Canucks vs Predators

Created - November 15 2010 at 17:25

Goals
1 2 3 OT1 SO T
Canucks 2 0 0 0 0 2
Predators 1 1 0 0 1 3
Shots
1 2 3 OT1 SO T
Canucks 3 9 9 0 3 21
Predators 11 16 5 6 2 38

Period #1

1. Predators , Jeff Carter 8 (Patrik Elias, Derek Morris) at 12:02
2. Canucks , David Backes 8 (Mike Komisarek, Erik Karlsson) at 14:19
3. Canucks , Corey Perry 9 (Joe Thornton) at 19:48

Penalties :
Mike Komisarek (VAN) for Hooking (Minor) at 1:06, Jeff Carter (NSH) for Tripping (Minor) at 2:17, Braydon Coburn (NSH) for Interference (Minor) at 5:26

Period #2

4. Predators , Patrik Elias 6 (Zbynek Michalek, Tomas Kaberle) at 11:35 (PP)

Penalties :
Braydon Coburn (NSH) for Holding (Minor) at 4:06, Tomas Holmstrom (VAN) for Holding Stick (Minor) at 10:38, Mike Komisarek (VAN) for Interference (Minor) at 13:56, David Backes (VAN) for Holding (Minor) at 17:26

Period #3

No Goal

Penalties :
Scottie Upshall (NSH) for Holding (Minor) at 1:33, David Backes (VAN) for Holding (Minor) at 8:34, Alexandre Burrows (NSH) for Hooking (Minor) at 17:15

Overtime #1

No Goal

Penalties :
No Penalty

Shootout

Penalty Shot by Joe Thornton for Canucks - Stopped by Pekka Rinne
Penalty Shot by Nicklas Backstrom for Predators - Goal!
Penalty Shot by Loui Eriksson for Canucks - Stopped by Pekka Rinne
Penalty Shot by Thomas Vanek for Predators - Stopped by Henrik Lundqvist
Penalty Shot by Corey Perry for Canucks - Stopped by Pekka Rinne

Penalties :
No Penalty

Goalie Stats

Henrik Lundqvist (VAN), 36 saves from 38 shots - (0.947), OTL, 6-4-1, 65:00 minutes
Pekka Rinne (NSH), 19 saves from 21 shots - (0.905), W, 17-1-0, 65:00 minutes

Players Stats

Canucks
Player Name              G  A  P  +/- PIM S  H  SB FO    MP 
------------------------------------------------------------
Brandon Sutter           0  0  0   0  0   2  0  0  2/15  18 
Bruno Gervais            0  0  0   1  0   2  0  0  0/0   9  
Corey Perry              1  0  1   1  0   2  1  0  0/2   20 
David Backes             1  0  1   0  4   3  2  0  0/0   17 
Duncan Keith             0  0  0   0  0   1  0  1  0/0   27 
Erik Karlsson            0  1  1   0  0   0  0  0  0/0   21 
Fedor Tyutin             0  0  0   1  0   2  2  2  0/0   17 
Ian White                0  0  0   0  0   1  0  1  0/0   17 
Jay McClement            0  0  0   0  0   1  0  0  13/24 15 
Joe Thornton             0  1  1   1  0   3  2  0  20/28 22 
Loui Eriksson            0  0  0   0  0   0  1  0  0/2   18 
Martin Hanzal            0  0  0   0  0   0  0  0  3/10  10 
Matthew Carle            0  0  0   0  0   0  4  0  0/0   23 
Mike Komisarek           0  1  1   0  4   0  0  1  0/0   16 
Milan Lucic              0  0  0   1  0   0  1  0  0/0   9  
Ryan Kesler              0  0  0   0  0   2  3  0  0/0   21 
Tomas Holmstrom          0  0  0   0  2   1  0  0  0/2   14 
Valtteri Filppula        0  0  0   0  0   1  0  0  0/1   18 
Predators
Player Name              G  A  P  +/- PIM S  H  SB FO    MP 
------------------------------------------------------------
Alexandre Burrows        0  0  0   0  2   5  2  0  3/4   18 
Braydon Coburn           0  0  0   0  4   0  0  0  0/0   16 
Brent Burns              0  0  0   0  0   0  0  1  0/0   20 
Cody Franson             0  0  0   0  0   0  0  2  0/0   9  
David Legwand            0  0  0   0  0   0  0  0  6/10  9  
Derek Morris             0  1  1  -1  0   0  2  3  0/0   15 
Eric Nystrom             0  0  0   0  0   0  0  1  0/0   10 
Jeff Carter              1  0  1  -1  2   7  0  0  13/25 19 
Nicklas Backstrom        0  0  0  -1  0   1  2  0  11/21 23 
Patric Hornqvist         0  0  0   0  0   2  1  0  0/0   17 
Patrik Elias             1  1  2   0  0   7  0  0  2/2   20 
Scottie Upshall          0  0  0  -1  2   3  1  0  0/1   17 
Shea Weber               0  0  0   0  0   3  2  3  0/0   24 
Simon Gagne              0  0  0   0  0   1  1  1  1/1   18 
Steven Stamkos           0  0  0   0  0   6  0  0  8/17  15 
Thomas Vanek             0  0  0   0  0   2  1  0  2/3   20 
Tomas Kaberle            0  1  1  -1  0   1  0  0  0/0   19 
Zbynek Michalek          0  1  1   0  0   0  0  1  0/0   20 

3 Stars

1 - Patrik Elias (NSH)
2 - Henrik Lundqvist (VAN)
3 - Corey Perry (VAN)

Power Play

Canucks - 0 on 5 Attempt(s) - 0.00%
Predators - 1 on 5 Attempt(s) - 20.00%

Penalty Kill

Canucks - 4 on 5 Attempt(s) - 80.00% - Score 0 goal in Penalty Kill
Predators - 5 on 5 Attempt(s) - 100.00% - Score 0 goal in Penalty Kill

Game Notes

No Game Note

Finance

Level 1 -- Attendance: 6219 (95.68%) -- Ticket Income $497,520.00
Level 2 -- Attendance: 5000 (100.00%) -- Ticket Income $260,000.00
Level 3 -- Attendance: 3313 (94.66%) -- Ticket Income $99,390.00
Level 4 -- Attendance: 1113 (100.00%) -- Ticket Income $22,260.00
Luxury Box -- Attendance: 1000 (100.00%) -- Ticket Income $135,000.00
Game was played at the Sommet Center
Total Attendance: 16645 (97.27%)
Total Ticket Income: $1,065,012.00
Other Income: $205,426.80
Total Income: $1,270,439.00


Play by Play

Period #1

0:01 of 1st period - Nicklas Backstrom wins face-off versus Brandon Sutter in neutral zone.
0:36 of 1st period - Shot by Ryan Kesler.
0:36 of 1st period - Shot Blocked by Brent Burns.
0:38 of 1st period - Shot by Ryan Kesler.
0:38 of 1st period - Stopped by Pekka Rinne without a rebound.
0:39 of 1st period - Joe Thornton wins face-off versus Jeff Carter in Predators zone.
0:39 of 1st period - Ian White is hit by Derek Morris and loses puck.
0:46 of 1st period - Shot by Jeff Carter.
0:46 of 1st period - Stopped by Henrik Lundqvist without a rebound.
0:47 of 1st period - Steven Stamkos wins face-off versus Valtteri Filppula in Canucks zone.
0:58 of 1st period - Alexandre Burrows is hit by David Backes and loses puck.
1:06 of 1st period - Minor Penalty to Mike Komisarek for Hooking.
1:07 of 1st period - Jay McClement wins face-off versus Nicklas Backstrom in Canucks zone.
2:17 of 1st period - Minor Penalty to Jeff Carter for Tripping.
2:18 of 1st period - Simon Gagne wins face-off versus Martin Hanzal in Predators zone.
2:31 of 1st period - Shot by Alexandre Burrows.
2:31 of 1st period - Shot Misses the Net.
3:21 of 1st period - Icing by Ian White.
3:22 of 1st period - Patrik Elias wins face-off versus Brandon Sutter in Canucks zone.
4:55 of 1st period - Icing by Duncan Keith.
4:56 of 1st period - Joe Thornton wins face-off versus Jeff Carter in Canucks zone.
4:56 of 1st period - Joe Thornton is hit by Scottie Upshall.
5:03 of 1st period - Off-side.
5:04 of 1st period - Steven Stamkos wins face-off versus Jay McClement in neutral zone.
5:26 of 1st period - Minor Penalty to Braydon Coburn for Interference.
5:27 of 1st period - Joe Thornton wins face-off versus Jeff Carter in Predators zone.
5:37 of 1st period - Icing by Corey Perry.
5:38 of 1st period - Joe Thornton wins face-off versus Jeff Carter in Canucks zone.
5:53 of 1st period - Shot by Erik Karlsson.
5:53 of 1st period - Shot Misses the Net.
7:40 of 1st period - Shot by Patric Hornqvist.
7:40 of 1st period - Shot Misses the Net.
7:45 of 1st period - Loui Eriksson is hit by Shea Weber and loses puck.
7:56 of 1st period - Matthew Carle is hit by Nicklas Backstrom and loses puck.
8:41 of 1st period - Valtteri Filppula is hit by Derek Morris.
8:56 of 1st period - Icing by Steven Stamkos.
8:57 of 1st period - Joe Thornton wins face-off versus Steven Stamkos in Predators zone.
9:02 of 1st period - Shot by Joe Thornton.
9:02 of 1st period - Shot Blocked by Zbynek Michalek.
9:06 of 1st period - Shot by Corey Perry.
9:06 of 1st period - Shot Misses the Net.
9:08 of 1st period - Shot by Duncan Keith.
9:08 of 1st period - Shot Misses the Net.
9:10 of 1st period - Shot by Duncan Keith.
9:10 of 1st period - Shot Blocked by Simon Gagne.
10:11 of 1st period - Ryan Kesler is hit by Thomas Vanek and loses puck.
10:51 of 1st period - Icing by Martin Hanzal.
10:52 of 1st period - Steven Stamkos wins face-off versus Tomas Holmstrom in Canucks zone.
10:53 of 1st period - Shot by Alexandre Burrows.
10:53 of 1st period - Stopped by Henrik Lundqvist without a rebound.
10:54 of 1st period - Joe Thornton wins face-off versus Steven Stamkos in Canucks zone.
10:54 of 1st period - Duncan Keith is hit by Alexandre Burrows and loses puck.
11:09 of 1st period - Shot by Steven Stamkos.
11:09 of 1st period - Stopped by Henrik Lundqvist without a rebound.
11:10 of 1st period - David Legwand wins face-off versus Jay McClement in Canucks zone.
11:17 of 1st period - Shot by Patrik Elias.
11:17 of 1st period - Stopped by Henrik Lundqvist without a rebound.
11:18 of 1st period - Brandon Sutter wins face-off versus Thomas Vanek in Canucks zone.
11:27 of 1st period - Shot by Patric Hornqvist.
11:27 of 1st period - Stopped by Henrik Lundqvist without a rebound.
11:28 of 1st period - Jay McClement wins face-off versus Jeff Carter in Canucks zone.
11:37 of 1st period - Shot by Valtteri Filppula.
11:37 of 1st period - Shot Blocked by Derek Morris.
11:54 of 1st period - Shot by Jeff Carter.
11:54 of 1st period - Deflect By Scottie Upshall.
11:54 of 1st period - Shot Misses the Net.
11:56 of 1st period - Shot by Tomas Kaberle.
11:56 of 1st period - Shot Blocked by Mike Komisarek.
12:00 of 1st period - Shot by Jeff Carter.
12:00 of 1st period - Deflect By Patrik Elias.
12:00 of 1st period - Shot Misses the Net.
12:02 of 1st period - Shot by Jeff Carter.
12:02 of 1st period - Goal by Jeff Carter - Canucks : 0 - Predators : 1.
12:03 of 1st period - Joe Thornton wins face-off versus Steven Stamkos in neutral zone.
12:08 of 1st period - Simon Gagne is hit by Milan Lucic and loses puck.
13:52 of 1st period - Icing by Tomas Kaberle.
13:53 of 1st period - Jeff Carter wins face-off versus Jay McClement in Predators zone.
14:19 of 1st period - Shot by David Backes.
14:19 of 1st period - Goal by David Backes - Canucks : 1 - Predators : 1.
14:20 of 1st period - Steven Stamkos wins face-off versus Brandon Sutter in neutral zone.
15:24 of 1st period - Shot by Patrik Elias.
15:24 of 1st period - Stopped by Henrik Lundqvist with a rebound.
15:28 of 1st period - Shot by Patrik Elias.
15:28 of 1st period - Stopped by Henrik Lundqvist without a rebound.
15:29 of 1st period - Jay McClement wins face-off versus Nicklas Backstrom in Canucks zone.
16:28 of 1st period - Shot by Jeff Carter.
16:28 of 1st period - Stopped by Henrik Lundqvist with a rebound.
16:48 of 1st period - Shot by Scottie Upshall.
16:48 of 1st period - Shot Misses the Net.
16:50 of 1st period - Shot by Jeff Carter.
16:50 of 1st period - Stopped by Henrik Lundqvist without a rebound.
16:51 of 1st period - Brandon Sutter wins face-off versus Steven Stamkos in Canucks zone.
17:14 of 1st period - Shot by Alexandre Burrows.
17:14 of 1st period - Stopped by Henrik Lundqvist without a rebound.
17:15 of 1st period - Joe Thornton wins face-off versus David Legwand in Canucks zone.
19:22 of 1st period - Off-side.
19:23 of 1st period - Joe Thornton wins face-off versus Jeff Carter in neutral zone.
19:48 of 1st period - Shot by Corey Perry.
19:48 of 1st period - Goal by Corey Perry - Canucks : 2 - Predators : 1.
19:49 of 1st period - Nicklas Backstrom wins face-off versus Jay McClement in neutral zone.
19:52 of 1st period - Shot by Nicklas Backstrom.
19:52 of 1st period - Deflect By Thomas Vanek.
19:52 of 1st period - Shot Misses the Net.

Period #2

0:01 of 2nd period - Nicklas Backstrom wins face-off versus Brandon Sutter in neutral zone.
0:11 of 2nd period - Icing by Duncan Keith.
0:12 of 2nd period - Jeff Carter wins face-off versus Brandon Sutter in Canucks zone.
0:23 of 2nd period - Shot by Scottie Upshall.
0:23 of 2nd period - Shot Misses the Net.
0:33 of 2nd period - Scottie Upshall is hit by Ryan Kesler and loses puck.
1:11 of 2nd period - Shot by Fedor Tyutin.
1:11 of 2nd period - Stopped by Pekka Rinne without a rebound.
1:12 of 2nd period - Jay McClement wins face-off versus Nicklas Backstrom in Predators zone.
1:29 of 2nd period - Icing by Thomas Vanek.
1:30 of 2nd period - Nicklas Backstrom wins face-off versus Joe Thornton in Predators zone.
1:42 of 2nd period - Icing by Fedor Tyutin.
1:43 of 2nd period - Joe Thornton wins face-off versus Steven Stamkos in Canucks zone.
2:12 of 2nd period - Simon Gagne is hit by Fedor Tyutin and loses puck.
2:21 of 2nd period - Shot by Steven Stamkos.
2:21 of 2nd period - Stopped by Henrik Lundqvist without a rebound.
2:22 of 2nd period - Nicklas Backstrom wins face-off versus Brandon Sutter in Canucks zone.
2:27 of 2nd period - Shot by Patric Hornqvist.
2:27 of 2nd period - Shot Misses the Net.
3:10 of 2nd period - Icing by Shea Weber.
3:11 of 2nd period - Jay McClement wins face-off versus Nicklas Backstrom in Predators zone.
3:37 of 2nd period - Shot by David Backes.
3:37 of 2nd period - Stopped by Pekka Rinne without a rebound.
3:38 of 2nd period - Joe Thornton wins face-off versus Jeff Carter in Predators zone.
3:39 of 2nd period - Shot by Corey Perry.
3:39 of 2nd period - Shot Misses the Net.
3:41 of 2nd period - Shot by Ian White.
3:41 of 2nd period - Stopped by Pekka Rinne without a rebound.
3:42 of 2nd period - Steven Stamkos wins face-off versus Joe Thornton in Predators zone.
3:51 of 2nd period - Shot by Simon Gagne.
3:51 of 2nd period - Stopped by Henrik Lundqvist without a rebound.
3:52 of 2nd period - Jeff Carter wins face-off versus Joe Thornton in Canucks zone.
3:53 of 2nd period - Shot by Scottie Upshall.
3:53 of 2nd period - Stopped by Henrik Lundqvist with a rebound.
3:55 of 2nd period - Shot by Scottie Upshall.
3:55 of 2nd period - Stopped by Henrik Lundqvist without a rebound.
3:56 of 2nd period - Jay McClement wins face-off versus Steven Stamkos in Canucks zone.
3:56 of 2nd period - Jay McClement is hit by Simon Gagne.
4:06 of 2nd period - Minor Penalty to Braydon Coburn for Holding.
4:07 of 2nd period - Jeff Carter wins face-off versus Brandon Sutter in Predators zone.
4:42 of 2nd period - Shot by Ian White.
4:42 of 2nd period - Shot Blocked by Cody Franson.
4:44 of 2nd period - Shot by Matthew Carle.
4:44 of 2nd period - Shot Blocked by Derek Morris.
4:46 of 2nd period - Shot by Loui Eriksson.
4:46 of 2nd period - Shot Blocked by Eric Nystrom.
5:04 of 2nd period - Zbynek Michalek is hit by Joe Thornton and loses puck.
5:27 of 2nd period - Shot by Duncan Keith.
5:27 of 2nd period - Stopped by Pekka Rinne without a rebound.
5:28 of 2nd period - David Legwand wins face-off versus Loui Eriksson in Predators zone.
5:55 of 2nd period - Shot by Brandon Sutter.
5:55 of 2nd period - Stopped by Pekka Rinne with a rebound.
6:37 of 2nd period - Off-side.
6:38 of 2nd period - Jay McClement wins face-off versus Nicklas Backstrom in neutral zone.
7:29 of 2nd period - Icing by Patric Hornqvist.
7:30 of 2nd period - Joe Thornton wins face-off versus Nicklas Backstrom in Predators zone.
8:51 of 2nd period - Icing by Duncan Keith.
8:52 of 2nd period - Jeff Carter wins face-off versus Loui Eriksson in Canucks zone.
9:15 of 2nd period - Shot by Patrik Elias.
9:15 of 2nd period - Stopped by Henrik Lundqvist without a rebound.
9:16 of 2nd period - Jay McClement wins face-off versus David Legwand in Canucks zone.
9:23 of 2nd period - Shot by Valtteri Filppula.
9:23 of 2nd period - Stopped by Pekka Rinne without a rebound.
9:24 of 2nd period - Jay McClement wins face-off versus Nicklas Backstrom in Predators zone.
10:38 of 2nd period - Minor Penalty to Tomas Holmstrom for Holding Stick.
10:39 of 2nd period - Jeff Carter wins face-off versus Martin Hanzal in Canucks zone.
10:46 of 2nd period - Shot by Brent Burns.
10:46 of 2nd period - Shot Blocked by Fedor Tyutin.
10:50 of 2nd period - Shot by Jeff Carter.
10:50 of 2nd period - Shot Misses the Net.
11:33 of 2nd period - Shot by Zbynek Michalek.
11:33 of 2nd period - Shot Misses the Net.
11:35 of 2nd period - Shot by Zbynek Michalek.
11:35 of 2nd period - Deflect By Patrik Elias.
11:35 of 2nd period - Goal by Patrik Elias - Canucks : 2 - Predators : 2.
11:36 of 2nd period - Joe Thornton wins face-off versus Alexandre Burrows in neutral zone.
11:47 of 2nd period - Shot by Steven Stamkos.
11:47 of 2nd period - Shot Misses the Net.
11:49 of 2nd period - Shot by Alexandre Burrows.
11:49 of 2nd period - Shot Misses the Net.
11:53 of 2nd period - Shot by Alexandre Burrows.
11:53 of 2nd period - Stopped by Henrik Lundqvist without a rebound.
11:54 of 2nd period - Joe Thornton wins face-off versus David Legwand in Canucks zone.
12:01 of 2nd period - Shot by Joe Thornton.
12:01 of 2nd period - Shot Misses the Net.
12:03 of 2nd period - Shot by Joe Thornton.
12:03 of 2nd period - Shot Blocked by Cody Franson.
12:05 of 2nd period - Shot by Tomas Holmstrom.
12:05 of 2nd period - Shot Misses the Net.
12:09 of 2nd period - Shot by Joe Thornton.
12:09 of 2nd period - Stopped by Pekka Rinne with a rebound.
12:11 of 2nd period - Shot by Ian White.
12:11 of 2nd period - Shot Misses the Net.
12:13 of 2nd period - Shot by Tomas Holmstrom.
12:13 of 2nd period - Shot Misses the Net.
12:17 of 2nd period - Shot by Joe Thornton.
12:17 of 2nd period - Stopped by Pekka Rinne without a rebound.
12:18 of 2nd period - Alexandre Burrows wins face-off versus Brandon Sutter in Predators zone.
12:18 of 2nd period - Zbynek Michalek is hit by Ryan Kesler and loses puck.
12:28 of 2nd period - Icing by Matthew Carle.
12:29 of 2nd period - Nicklas Backstrom wins face-off versus Brandon Sutter in Canucks zone.
12:35 of 2nd period - Nicklas Backstrom is hit by Matthew Carle and loses puck.
13:29 of 2nd period - Icing by Alexandre Burrows.
13:30 of 2nd period - Alexandre Burrows wins face-off versus Joe Thornton in Predators zone.
13:30 of 2nd period - Alexandre Burrows is hit by Corey Perry.
13:44 of 2nd period - Shot by Steven Stamkos.
13:44 of 2nd period - Stopped by Henrik Lundqvist with a rebound.
13:46 of 2nd period - Shot by Alexandre Burrows.
13:46 of 2nd period - Shot Misses the Net.
13:50 of 2nd period - Shot by Alexandre Burrows.
13:50 of 2nd period - Deflect By Steven Stamkos.
13:50 of 2nd period - Stopped by Henrik Lundqvist without a rebound.
13:51 of 2nd period - Jeff Carter wins face-off versus Jay McClement in Canucks zone.
13:56 of 2nd period - Minor Penalty to Mike Komisarek for Interference.
13:57 of 2nd period - Nicklas Backstrom wins face-off versus Martin Hanzal in Canucks zone.
14:04 of 2nd period - Shot by Shea Weber.
14:04 of 2nd period - Stopped by Henrik Lundqvist without a rebound.
14:05 of 2nd period - Jay McClement wins face-off versus Jeff Carter in Canucks zone.
14:16 of 2nd period - Valtteri Filppula is hit by Patric Hornqvist and loses puck.
15:27 of 2nd period - Shot by Patrik Elias.
15:27 of 2nd period - Shot Blocked by Duncan Keith.
15:31 of 2nd period - Shot by Patrik Elias.
15:31 of 2nd period - Shot Misses the Net.
15:33 of 2nd period - Shot by Shea Weber.
15:33 of 2nd period - Stopped by Henrik Lundqvist without a rebound.
15:34 of 2nd period - Nicklas Backstrom wins face-off versus Jay McClement in Canucks zone.
15:45 of 2nd period - Shot by Thomas Vanek.
15:45 of 2nd period - Stopped by Henrik Lundqvist without a rebound.
15:46 of 2nd period - Jeff Carter wins face-off versus Jay McClement in Canucks zone.
15:47 of 2nd period - Shot by Alexandre Burrows.
15:47 of 2nd period - Stopped by Henrik Lundqvist with a rebound.
15:52 of 2nd period - Scottie Upshall is hit by Matthew Carle and loses puck.
16:06 of 2nd period - Off-side.
16:07 of 2nd period - David Legwand wins face-off versus Joe Thornton in neutral zone.
16:29 of 2nd period - Shot by David Legwand.
16:29 of 2nd period - Shot Misses the Net.
16:31 of 2nd period - Shot by Shea Weber.
16:31 of 2nd period - Shot Blocked by Ian White.
16:39 of 2nd period - Shot by Joe Thornton.
16:39 of 2nd period - Stopped by Pekka Rinne without a rebound.
16:40 of 2nd period - Steven Stamkos wins face-off versus Brandon Sutter in Predators zone.
17:26 of 2nd period - Minor Penalty to David Backes for Holding.
17:27 of 2nd period - Nicklas Backstrom wins face-off versus Martin Hanzal in Canucks zone.
17:28 of 2nd period - Shot by Tomas Kaberle.
17:28 of 2nd period - Shot Misses the Net.
17:52 of 2nd period - Shot by Tomas Kaberle.
17:52 of 2nd period - Shot Misses the Net.
17:54 of 2nd period - Shot by Shea Weber.
17:54 of 2nd period - Stopped by Henrik Lundqvist without a rebound.
17:55 of 2nd period - Martin Hanzal wins face-off versus Jeff Carter in Canucks zone.
19:47 of 2nd period - Shot by Alexandre Burrows.
19:47 of 2nd period - Shot Misses the Net.
19:57 of 2nd period - Shot by Steven Stamkos.
19:57 of 2nd period - Stopped by Henrik Lundqvist without a rebound.
19:58 of 2nd period - Jeff Carter wins face-off versus Corey Perry in Canucks zone.
19:59 of 2nd period - Shot by Scottie Upshall.
19:59 of 2nd period - Stopped by Henrik Lundqvist without a rebound.

Period #3

0:01 of 3rd period - Nicklas Backstrom wins face-off versus Brandon Sutter in neutral zone.
0:04 of 3rd period - Shot by Nicklas Backstrom.
0:04 of 3rd period - Shot Misses the Net.
0:19 of 3rd period - Thomas Vanek is hit by Matthew Carle and loses puck.
0:59 of 3rd period - Icing by Ian White.
1:00 of 3rd period - Joe Thornton wins face-off versus Scottie Upshall in Canucks zone.
1:05 of 3rd period - Shot by Corey Perry.
1:05 of 3rd period - Stopped by Pekka Rinne without a rebound.
1:06 of 3rd period - Steven Stamkos wins face-off versus Jay McClement in Predators zone.
1:22 of 3rd period - Shot by Alexandre Burrows.
1:22 of 3rd period - Stopped by Henrik Lundqvist without a rebound.
1:23 of 3rd period - Jeff Carter wins face-off versus Joe Thornton in Canucks zone.
1:24 of 3rd period - Shot by Patrik Elias.
1:24 of 3rd period - Stopped by Henrik Lundqvist with a rebound.
1:33 of 3rd period - Minor Penalty to Scottie Upshall for Holding.
1:34 of 3rd period - David Legwand wins face-off versus Corey Perry in Predators zone.
2:07 of 3rd period - Duncan Keith is hit by Alexandre Burrows and loses puck.
3:01 of 3rd period - Shot by Ian White.
3:01 of 3rd period - Shot Misses the Net.
3:05 of 3rd period - Shot by David Backes.
3:05 of 3rd period - Deflect By Brandon Sutter.
3:05 of 3rd period - Stopped by Pekka Rinne without a rebound.
3:06 of 3rd period - Jeff Carter wins face-off versus Brandon Sutter in Predators zone.
4:22 of 3rd period - Icing by Mike Komisarek.
4:23 of 3rd period - Jay McClement wins face-off versus Steven Stamkos in Canucks zone.
4:28 of 3rd period - Shot by Valtteri Filppula.
4:28 of 3rd period - Shot Misses the Net.
4:30 of 3rd period - Shot by Jay McClement.
4:30 of 3rd period - Stopped by Pekka Rinne without a rebound.
4:31 of 3rd period - Joe Thornton wins face-off versus Jeff Carter in Predators zone.
4:44 of 3rd period - Shot by Corey Perry.
4:44 of 3rd period - Shot Blocked by Derek Morris.
4:46 of 3rd period - Shot by Tomas Holmstrom.
4:46 of 3rd period - Stopped by Pekka Rinne with a rebound.
4:48 of 3rd period - Shot by Joe Thornton.
4:48 of 3rd period - Shot Misses the Net.
6:53 of 3rd period - Shot by Patric Hornqvist.
6:53 of 3rd period - Stopped by Henrik Lundqvist with a rebound.
7:23 of 3rd period - Shot by Nicklas Backstrom.
7:23 of 3rd period - Shot Blocked by Fedor Tyutin.
7:31 of 3rd period - Shea Weber is hit by Joe Thornton and loses puck.
7:38 of 3rd period - Shot by Joe Thornton.
7:38 of 3rd period - Shot Blocked by Shea Weber.
7:40 of 3rd period - Shot by Fedor Tyutin.
7:40 of 3rd period - Stopped by Pekka Rinne without a rebound.
7:41 of 3rd period - Jeff Carter wins face-off versus Jay McClement in Predators zone.
8:06 of 3rd period - Shot by David Backes.
8:06 of 3rd period - Stopped by Pekka Rinne without a rebound.
8:07 of 3rd period - Joe Thornton wins face-off versus David Legwand in Predators zone.
8:26 of 3rd period - Shot by Joe Thornton.
8:26 of 3rd period - Shot Misses the Net.
8:28 of 3rd period - Shot by Bruno Gervais.
8:28 of 3rd period - Shot Blocked by Shea Weber.
8:30 of 3rd period - Shot by Bruno Gervais.
8:30 of 3rd period - Stopped by Pekka Rinne with a rebound.
8:32 of 3rd period - Shot by Bruno Gervais.
8:32 of 3rd period - Stopped by Pekka Rinne without a rebound.
8:33 of 3rd period - Steven Stamkos wins face-off versus Jay McClement in Predators zone.
8:33 of 3rd period - Steven Stamkos is hit by David Backes.
8:34 of 3rd period - Minor Penalty to David Backes for Holding.
8:35 of 3rd period - Jay McClement wins face-off versus Jeff Carter in Canucks zone.
10:07 of 3rd period - Shot by Jeff Carter.
10:07 of 3rd period - Stopped by Henrik Lundqvist without a rebound.
10:08 of 3rd period - Jay McClement wins face-off versus Jeff Carter in Canucks zone.
10:23 of 3rd period - Icing by Jeff Carter.
10:24 of 3rd period - Alexandre Burrows wins face-off versus Jay McClement in Predators zone.
12:25 of 3rd period - Shot by Loui Eriksson.
12:25 of 3rd period - Shot Misses the Net.
12:44 of 3rd period - Icing by Ian White.
12:45 of 3rd period - Patrik Elias wins face-off versus Joe Thornton in Canucks zone.
12:58 of 3rd period - Shot by Patrik Elias.
12:58 of 3rd period - Shot Misses the Net.
13:43 of 3rd period - Fedor Tyutin is hit by Nicklas Backstrom.
14:02 of 3rd period - Jay McClement is hit by Shea Weber and loses puck.
14:05 of 3rd period - Shot by Jay McClement.
14:05 of 3rd period - Shot Blocked by Shea Weber.
15:13 of 3rd period - Shot by Loui Eriksson.
15:13 of 3rd period - Shot Misses the Net.
15:27 of 3rd period - Shot by Jeff Carter.
15:27 of 3rd period - Stopped by Henrik Lundqvist without a rebound.
15:28 of 3rd period - Jeff Carter wins face-off versus Tomas Holmstrom in Canucks zone.
15:46 of 3rd period - Shot by Patric Hornqvist.
15:46 of 3rd period - Shot Misses the Net.
16:08 of 3rd period - Scottie Upshall is hit by Loui Eriksson and loses puck.
16:13 of 3rd period - Shot by Ryan Kesler.
16:13 of 3rd period - Stopped by Pekka Rinne without a rebound.
16:14 of 3rd period - Thomas Vanek wins face-off versus Brandon Sutter in Predators zone.
17:03 of 3rd period - Zbynek Michalek is hit by Ryan Kesler and loses puck.
17:15 of 3rd period - Minor Penalty to Alexandre Burrows for Hooking.
17:16 of 3rd period - David Legwand wins face-off versus Joe Thornton in Predators zone.
17:45 of 3rd period - Shot by Corey Perry.
17:45 of 3rd period - Shot Misses the Net.
18:11 of 3rd period - Icing by Ian White.
18:12 of 3rd period - David Legwand wins face-off versus Martin Hanzal in Canucks zone.
19:56 of 3rd period - Shea Weber is hit by Fedor Tyutin and loses puck.

Overtime #1

0:01 of 1st overtime period - Martin Hanzal wins face-off versus Steven Stamkos in neutral zone.
0:16 of 1st overtime period - Shot by Steven Stamkos.
0:16 of 1st overtime period - Shot Misses the Net.
0:18 of 1st overtime period - Shot by Tomas Kaberle.
0:18 of 1st overtime period - Stopped by Henrik Lundqvist without a rebound.
0:19 of 1st overtime period - Joe Thornton wins face-off versus Nicklas Backstrom in Canucks zone.
0:36 of 1st overtime period - Shot by Nicklas Backstrom.
0:36 of 1st overtime period - Stopped by Henrik Lundqvist without a rebound.
0:37 of 1st overtime period - Thomas Vanek wins face-off versus Martin Hanzal in Canucks zone.
0:42 of 1st overtime period - Shot by Steven Stamkos.
0:42 of 1st overtime period - Shot Misses the Net.
0:46 of 1st overtime period - Shot by Steven Stamkos.
0:46 of 1st overtime period - Stopped by Henrik Lundqvist without a rebound.
0:47 of 1st overtime period - Joe Thornton wins face-off versus Nicklas Backstrom in Canucks zone.
2:28 of 1st overtime period - Shot by Patrik Elias.
2:28 of 1st overtime period - Deflect By Nicklas Backstrom.
2:28 of 1st overtime period - Shot Misses the Net.
2:30 of 1st overtime period - Shot by Scottie Upshall.
2:30 of 1st overtime period - Shot Misses the Net.
2:32 of 1st overtime period - Shot by Patrik Elias.
2:32 of 1st overtime period - Stopped by Henrik Lundqvist without a rebound.
2:33 of 1st overtime period - Martin Hanzal wins face-off versus Steven Stamkos in Canucks zone.
2:42 of 1st overtime period - Shot by Ryan Kesler.
2:42 of 1st overtime period - Shot Misses the Net.
2:54 of 1st overtime period - Shot by Steven Stamkos.
2:54 of 1st overtime period - Deflect By Thomas Vanek.
2:54 of 1st overtime period - Shot Misses the Net.
2:56 of 1st overtime period - Shot by Thomas Vanek.
2:56 of 1st overtime period - Stopped by Henrik Lundqvist without a rebound.
2:57 of 1st overtime period - Nicklas Backstrom wins face-off versus Martin Hanzal in Canucks zone.
3:04 of 1st overtime period - Shot by Scottie Upshall.
3:04 of 1st overtime period - Shot Misses the Net.
3:06 of 1st overtime period - Shot by Brent Burns.
3:06 of 1st overtime period - Shot Hit the Post.
3:49 of 1st overtime period - Tomas Kaberle is hit by Matthew Carle and loses puck.
4:32 of 1st overtime period - Shot by Jeff Carter.
4:32 of 1st overtime period - Stopped by Henrik Lundqvist without a rebound.
4:33 of 1st overtime period - Joe Thornton wins face-off versus Nicklas Backstrom in Canucks zone.
4:58 of 1st overtime period - Shot by Nicklas Backstrom.
4:58 of 1st overtime period - Shot Misses the Net.

ShootOut

ShootOut - Penalty Shot by Joe Thornton for Canucks.
ShootOut - Stopped by Pekka Rinne.
ShootOut - Penalty Shot by Nicklas Backstrom for Predators.
ShootOut - Goal by Nicklas Backstrom.
ShootOut - Penalty Shot by Loui Eriksson for Canucks.
ShootOut - Stopped by Pekka Rinne.
ShootOut - Penalty Shot by Thomas Vanek for Predators.
ShootOut - Stopped by Henrik Lundqvist.
ShootOut - Penalty Shot by Corey Perry for Canucks.
ShootOut - Stopped by Pekka Rinne.


Output by the SimonT Hockey Simulator (STHS) for Stephane Roy -- Original Page W3C XHTML 1.0 Valid